woodfighter, chaotic female elven Rogue ------------ |..........--- +............| # |............| ###########..af..f......| # ---@.........| # ------ ----- -----.-----# ..........|# |.........|# |..........# |........<| ----------- woodfighter the Cutpurse Experience level: 4 Strength: 15 Dexterity: 18 Constitution: 16 Intelligence: 10 Wisdom: 11 Charisma: 6 Health: 0(33) Energy: 16(16) Def: 3 Gold: 13 Moves: 2940 Dungeon seed: Uk8k_Nqg0HbvjNHu Game ID: woodfighter_1514673979 Your Inventory: Coins $ - 13 gold pieces Weapons a - a +0 elven short sword (weapon in hand) b - 13 +0 elven daggers (in quiver) Armor e - an uncursed +1 leather armor (being worn) n - an uncursed +0 dwarvish iron helm Comestibles m - an uncursed eucalyptus leaf t - an uncursed sprig of wolfsbane Tools g - an uncursed blindfold s - an uncursed sack y - an uncursed skeleton key Contents of the sack: 448 gold pieces a [uncursed] scroll of enchant weapon a [uncursed] scroll of identify a [uncursed] scroll of magic mapping a [uncursed] scroll of scare monster a [uncursed] spellbook of cancellation a [uncursed] potion of confusion a [uncursed] potion of levitation a [uncursed] potion of object detection an uncursed potion of sickness a [uncursed] potion of water a wand of opening (0:3) Spells and supernatural/magical abilities: Name Level Category Fail Memory W - pray for help -- divine ? -- Your skills at the end: Miscellaneous Skills wands [Basic] Weapon Skills dagger [Basic] short sword [Basic] Spellcasting Skills Final Attributes: You were piously aligned. You were sleep resistant. You had infravision. You were very stealthy. You are dead. Vanquished creatures: a shrieker a puppy a floating eye 2 rothes 2 giant bats 3 acid blobs a large kobold a hobgoblin 2 giant rats a yellow mold 6 manes 15 jackals a fox a kobold 2 newts 2 goblins 2 grid bugs a bat 2 lichens a kobold zombie 48 creatures vanquished. Voluntary challenges: You did not adorn yourself with jewelry or accessories. You did not cause conflict. You were not invisible. You did not have reflection. You were not displaced. You used a wielded weapon 60 times, starting on turn 64. You did not apply a unicorn horn. You did not use plumbed fixtures. You did not drink any magical draughts. You were illiterate. You never genocided any monsters. You never polymorphed an object. You never changed form. You used no wishes. You never split a pudding. You never wrote Elbereth's name. You never violated your personal moral code. Dungeon overview: The Dungeons of Doom: levels 1 to 6 Level 1 a fountain a long staircase Level 2 a fountain Level 3 Level 4 some fountains stairs to The Gnomish Mines Level 5 a fountain Level 6 <- You were here The Gnomish Mines: Level 5 stairs to The Dungeons of Doom History has recorded: On T:1 you entered the Dungeons of Doom to retrieve the Amulet of Yendor! On T:256 you reached level 2 of The Dungeons of Doom. On T:591 you reached level 3 of The Dungeons of Doom. On T:1074 you prayed to Kos. On T:1225 you advanced to experience level 2. On T:1465 you reached level 4 of The Dungeons of Doom. On T:1589 you reached level 1 of The Gnomish Mines. On T:1612 you advanced to experience level 3. On T:1822 you reached level 5 of The Dungeons of Doom. On T:1976 you prayed to Kos. On T:2103 you advanced to experience level 4. On T:2694 you reached level 6 of The Dungeons of Doom. On T:2716 you prayed to Kos. Score breakdown: Gold: 461 ( 46 points) Experience: 4 levels ( 300 points) Exploration: 6 levels ( 150 points) Discoveries: 11 items ( 550 points) Variety of kills: 20 monsters ( 1000 points) Major goal: (nothing yet) ( 0 points) Survival: died (score multiplied by 3) Total score: 6138 Latest messages: The sprig of wolfsbane misses the large cat. You resume your meal. You stop eating. The jackal bites! You stab the jackal. The jackal bites! You kill the jackal! You resume your meal. You finish eating the jackal corpse. t - a sprig of wolfsbane. A large cat blocks your way. Kitty blocks your way. You displace kitty. Something is written here in the dust. You read: "l?| ?as ? ?c". You stop exploring. The killer bee stings! (3x) Kitty misses the killer bee. The killer bee stings! The killer bee's sting was poisoned! Elf is about to die. You die... Final status: Goodbye woodfighter the Rogue, killed by a killer bee... You died in The Dungeons of Doom on dungeon level 6 with 6138 points, and 461 pieces of gold, after 2940 moves. You were level 4 with a maximum of 33 hit points when you died.